 Dungeon Crawl Stone Soup version 0.29.1-12-g30fa7ad0bf (webtiles) character file.

Game seed: 3097978203767323495

56 croobank the Thaumaturge (level 3, -3/26 HPs)
             Began as a Gnoll Wanderer on Jan 3, 2023.
             Slain by an orc
             ... wielding a +0 whip
              (4 damage)
             ... on level 3 of the Dungeon.
             The game lasted 00:04:56 (2777 turns).

croobank the Thaumaturge (Gnoll Wanderer)           Turns: 2777, Time: 00:04:56

Health: -3/26      AC:  4    Str:  8    XL:     3   Next: 97%
Magic:  13/13      EV: 12    Int: 17    God:
Gold:   85         SH:  0    Dex: 10    Spells: 17/20 levels left

rFire   + . .      SeeInvis .   p - +4 short sword (venom)
rCold   . . .      Faith    .   (no shield)
rNeg    . . .      Spirit   .   c - +0 robe
rPois   .          Reflect  .   (no helmet)
rElec   .          Harm     .   (no cloak)
rCorr   .          Rampage  .   t - +0 pair of gloves
Will    .....                   d - +0 pair of boots
Stlth   ++........              (no amulet)
HPRegen 0.08/turn               m - ring of protection from fire
MPRegen 0.13/turn               (no ring)

@: no status effects
A: fangs 1, strong nose, distributed training
a: no special abilities


You were on level 3 of the Dungeon.
You visited 1 branch of the dungeon, and saw 3 of its levels.

You collected 85 gold pieces.

Inventory:

Hand Weapons
 a - a +0 vampiric dagger
 p - a +4 short sword of venom (weapon)
Missiles
 f - 6 poisoned darts (quivered)
Armour
 c - a +0 robe (worn)
 d - a +0 pair of boots (worn)
 r - a +0 ring mail
 t - a +0 pair of gloves (worn)
Magical Staves
 q - a staff of death
Jewellery
 m - a ring of protection from fire (left hand)
Scrolls
 b - a scroll of silence
 g - a scroll of identify
 j - a scroll of butterflies {unknown}
 k - a scroll of amnesia
 n - 3 scrolls of teleportation
 o - a scroll of acquirement {unknown}
 s - a scroll of immolation {unknown}
Potions
 h - a potion of lignification {unknown}
 i - a potion of heal wounds {unknown}
 l - a potion of haste {unknown}
 u - a potion of attraction {unknown}


   Skills:
 + Level 1.0 Fighting
 + Level 1.0 Short Blades
 + Level 1.0 Long Blades
 + Level 1.0 Axes
 + Level 1.0 Maces & Flails
 + Level 1.0 Polearms
 + Level 1.0 Staves
 + Level 1.0 Ranged Weapons
 + Level 1.0 Throwing
 + Level 1.0 Armour
 + Level 2.7 Dodging
 + Level 4.2 Stealth
 + Level 1.0 Shields
 + Level 1.0 Unarmed Combat
 + Level 9.3 Spellcasting
 + Level 0.7 Conjurations
 + Level 0.7 Hexes
 + Level 0.7 Summonings
 + Level 0.7 Necromancy
 + Level 0.7 Translocations
 + Level 0.7 Transmutations
 + Level 3.8 Fire Magic
 + Level 0.7 Ice Magic
 + Level 0.7 Air Magic
 + Level 0.7 Earth Magic
 + Level 0.7 Poison Magic
 + Level 1.1 Invocations
 + Level 1.0 Evocations


You had 17 spell levels left.
You knew the following spells:

 Your Spells              Type           Power      Damage    Failure   Level
a - Foxfire               Conj/Fire      60%        2x1d7     3%          1
b - Ensorcelled Hibernat  Hex/Ice        20%        N/A       10%         2

Your spell library contained the following spells:

 Spells                   Type           Power      Damage    Failure   Level
 Apportation              Tloc           20%        N/A       7%          1
 Shock                    Conj/Air       40%        1d5       7%          1
 Ignite Poison            Fire/Tmut/Pois 13%        N/A       13%         3
 Spider Form              Tmut/Pois      10%        N/A       21%         3


Dungeon Overview and Level Annotations

Branches:
Dungeon (3/15)

Altars:


Innate Abilities, Weirdness & Mutations

You have very sharp teeth.
Your uncanny sense of smell can sniff out nearby items.
Your experience applies equally to all skills.


Message History

No target in view!
You see here a frilled lizard corpse.
An orc comes into view. It is wielding a +0 whip.
A hobgoblin comes into view. 2 orcs come into view.
A ball python and an orc priest come into view.
The ball python hisses angrily.
The orc priest shouts!
You hear a shout!
The hobgoblin shouts!
An orc priest comes into view. It is wielding a +0 flail.
You hear a shout!
You barely miss the hobgoblin. The hobgoblin hits you.
The hobgoblin hits you but does no damage.
You hit the hobgoblin.
You kill the hobgoblin!
The orc priest mumbles some strange prayers to Beogh against you.
Beogh smites you!
You are too injured to fight recklessly!
You are too injured to fight recklessly!
You are too injured to fight recklessly!
You are too injured to fight recklessly!
You are too injured to fight recklessly!
The orc attacks as you move away! The orc barely misses you.
The orc priest invokes the aid of Beogh against you.
Beogh smites you!
* * * LOW HITPOINT WARNING * * *
The orc attacks as you move away! The orc hits you but does no damage.
Okay, then.
As you read the scroll labelled LOFEME VAHUISH, it crumbles to dust.
It is a scroll of identify.
e - a potion of curing The orc closely misses you.
You feel better. The orc barely misses you.
The orc hits you but does no damage.
The orc priest invokes the aid of Beogh against you.
Beogh smites you!
* * * LOW HITPOINT WARNING * * *
Okay, then.
The orc attacks as you move away! The orc barely misses you.
The orc attacks as you move away! The orc hits you with a +0 whip.
You die...

....## ######## #.............
##### ∆ ###########.## #.<#
#####.# ### ##......
#.#####..##### . #>......##
... ########†.......#####
...o.#####.oo@....######......
......$oooS######## #######
.....####### ... .


You could see 2 orc priests, 3 orcs and a ball python.

Vanquished Creatures
  2 adders (D:3)
  A worm (D:3)
  3 dart slugs
  An orc (D:3)
  A bat (D:2)
  An endoplasm (D:2)
  A giant cockroach (D:2)
  5 goblins
  3 hobgoblins
  4 kobolds
  3 ball pythons (D:1)
  A frilled lizard (D:3)
  2 rats
28 creatures vanquished.

Vanquished Creatures (others)
  11 foxfires (D:1)
11 creatures vanquished.

Grand Total: 39 creatures vanquished

Notes
Turn   | Place    | Note
-------+----------+-------------------------------------------
     0 | D:1      | Reached skill level 9 in Spellcasting
     0 | D:1      | croobank the Gnoll Wanderer began the quest for the Orb.
     0 | D:1      | croobank set off with the following items: a +0 dagger, a
                  | scroll of silence, a +0 robe, a +0 pair of boots; and the
                  | following spells available to memorise: Foxfire,
                  | Apportation, Shock, Ensorcelled Hibernation, Ignite Poison,
                  | Spider Form.
     0 | D:1      | Reached XP level 1. HP: 13/13 MP: 10/10
   452 | D:1      | Learned a level 1 spell: Foxfire
   697 | D:1      | Reached XP level 2. HP: 19/19 MP: 10/12
   701 | D:1      | Learned a level 2 spell: Ensorcelled Hibernation
  1525 | D:2      | Found a faded altar of an unknown god.
  2159 | D:3      | Reached XP level 3. HP: 25/25 MP: 13/13
  2582 | D:3      | Reached skill level 1 in Invocations
  2635 | D:3      | Reached skill level 1 in Fighting
  2635 | D:3      | Reached skill level 1 in Short Blades
  2635 | D:3      | Reached skill level 1 in Long Blades
  2635 | D:3      | Reached skill level 1 in Axes
  2635 | D:3      | Reached skill level 1 in Maces & Flails
  2635 | D:3      | Reached skill level 1 in Polearms
  2635 | D:3      | Reached skill level 1 in Staves
  2635 | D:3      | Reached skill level 1 in Ranged Weapons
  2635 | D:3      | Reached skill level 1 in Throwing
  2635 | D:3      | Reached skill level 1 in Armour
  2635 | D:3      | Reached skill level 1 in Shields
  2635 | D:3      | Reached skill level 1 in Unarmed Combat
  2635 | D:3      | Reached skill level 1 in Evocations
  2770 | D:3      | HP: 1/26 [orc priest/divine providence (11)]
  2775 | D:3      | HP: 1/26 [orc priest/divine providence (8)]
  2777 | D:3      | Slain by an orc

Illustrated notes

Levels and vault maps discovered:
D:1:      amcnicky_arrival_blooded_trapdoor, layout_loops_ring, minivault_4
D:2:      layout_rooms, ebering_ecumenical_altar_rust
D:3:      layout_rooms, lemuel_zombie_altar_yredelemnul, patterned_corridor

Skill      XL: |  1  2  3 |
---------------+----------+-----
Spellcasting   | |  9.3
Invocations    | 1 |  1.1
Fighting       | 1 |  1.0
Short Blades   | 1 |  1.0
Long Blades    | 1 |  1.0
Axes           | 1 |  1.0
Maces & Flails | 1 |  1.0
Polearms       | 1 |  1.0
Staves         | 1 |  1.0
Ranged Weapons | 1 |  1.0
Throwing       | 1 |  1.0
Armour         | 1 |  1.0
Shields        | 1 |  1.0
Unarmed Combat | 1 |  1.0
Evocations     | 1 |  1.0
Dodging        | |  2.7
Stealth        | |  4.2
Conjurations   | |  0.7
Hexes          | |  0.7
Summonings     | |  0.7
Necromancy     | |  0.7
Translocations | |  0.7
Transmutations | |  0.7
Fire Magic     | |  3.8
Ice Magic      | |  0.7
Air Magic      | |  0.7
Earth Magic    | |  0.7
Poison Magic   | |  0.7

Action                   || total
-------------------------++-------
Melee: Dagger            ||    11
       Bite              ||     3
       Short sword       ||    48
Throw: Dart              ||     1
 Cast: Foxfire           ||     6
  Use: Scroll            ||    12
       Potion            ||     1
 Stab: Sleeping          ||     4
Armor: Robe              ||    23
Dodge: Dodged            ||    41
